Map: World of Sleepers LE

Players

Probe

  • Race: Protoss Protoss
  • Spawn Location: 1:00

Namshar - Winner!

  • Race: Zerg Zerg
  • Spawn Location: 7:00

VOD

Have the link to the VOD?

Description

Time

  • Played on: Sept. 6, 2019, 1:18 p.m.
  • Length: 11:46
Show
View Real Time Build Order
Export as new Build Order

Probe Protoss 

Build Orders: 1 Gate Expand, Oracle Opening, Phoenix Opening, Chargelot Immortal 

Get SALT Encoding   

  12  0:00  Probe  
  13  0:13  Probe  
  14  0:21  Pylon  
  14  0:25  Probe  
  15  0:30  Assimilator  
  15  0:35  Probe  
  16  0:43  Probe  
  16  0:46  Gateway  
  17  0:53  Probe  
  18  1:05  Probe  
  19  1:17  Probe  
  20  1:24  Nexus  
  20  1:33  Cybernetics Core  
  20  1:36  Probe  
  21  1:41  Assimilator  
  21  1:48  Probe  
  21  1:51  Pylon  
  22  1:59  Adept  
  22  2:00  Probe  
  23  2:08  Probe  
  23  2:14  Stargate  
  26  2:16  Probe  
  26  2:22  Warp Gate, Adept  
  27  2:27  Probe  
  31  2:37  Probe  
  31  2:39  Probe  
  32  2:49  Probe  
  34  2:51  Probe  
  34  2:55  Phoenix  
  36  3:01  Probe  
  36  3:03  Probe  
  38  3:07  Pylon  
  38  3:11  Oracle  
  38  3:13  Probe  
  38  3:15  Probe  
  40  3:25  Probe  
  44  3:27  Probe  
  44  3:29  Assimilator  
  45  3:37  Gateway, Probe  
  45  3:39  Probe  
  45  3:40  Oracle  
  47  3:41  Assimilator  
  47  3:42  Pylon  
  50  3:49  Probe  
  50  3:51  Probe  
  52  4:01  Pylon, Probe  
  53  4:04  Probe  
  53  4:07  Oracle  
  54  4:13  Probe, Adept  
  54  4:16  Pylon, Probe  
  61  4:26  Probe  
  61  4:27  Robotics Facility  
  61  4:28  Pylon  
  62  4:38  Pylon  
  62  4:41  Gateway  
  62  4:42  Gateway  
  62  4:46  Gateway  
  62  4:49  Gateway  
  62  4:50  Sentry x2  
  66  4:54  Probe x2  
  66  4:59  Pylon  
  68  5:04  Immortal  
  68  5:09  Probe x2  
  68  5:10  Pylon  
  70  5:18  Sentry x2  
  73  5:39  Observer  
  69  5:43  Nexus  
  69  5:46  Sentry x2  
  69  5:47  Zealot x3  
  79  5:56  Warp Prism  
  81  6:09  Stalker  
  81  6:10  Stalker x5  
  93  6:13  Pylon  
  93  6:30  Probe x2  
  95  6:38  Stalker x5  
  105  6:47  Immortal  
  105  6:48  Probe  
  106  6:57  Twilight Council  
  106  6:58  Forge  
  106  6:59  Probe x2  
  112  7:04  Probe  
  113  7:11  Probe  
  113  7:12  Probe  
  103  7:16  Probe, Stalker x3  
  96  7:23  Probe  
  96  7:25  Probe  
  92  7:31  Protoss Ground Weapons Level 1  
  92  7:34  Probe  
  87  7:38  Zealot, Sentry x2  
  87  7:42  Charge  
  87  7:45  Gateway  
  87  7:47  Gateway  
  87  7:50  Probe x3  
  88  7:53  Immortal, Assimilator  
  88  7:54  Assimilator  
  88  8:02  Probe x3  
  88  8:05  Robotics Facility  
  95  8:09  Templar Archives  
  95  8:12  Pylon  
  95  8:14  Probe x3  
  95  8:18  Stalker  
  100  8:23  Photon Cannon  
  100  8:26  Immortal, Probe x2  
  102  8:28  Zealot x2  
  102  8:29  Shield Battery, Psionic Storm  
  102  8:32  Photon Cannon  
  102  8:33  Shield Battery  
  110  8:52  Photon Cannon  
  110  8:53  High Templar x2  
  114  9:03  High Templar  
  114  9:04  Immortal  
  114  9:08  Immortal, Photon Cannon  
  116  9:13  Photon Cannon  
  124  9:25  High Templar  
  124  9:27  Nexus  
  124  9:29  Pylon  
  126  9:32  High Templar  
  128  9:39  Zealot x5  
  136  9:46  Immortal  
  136  9:47  Photon Cannon  
  136  9:48  High Templar  
  140  9:58  Immortal  
  140  10:07  Zealot x2  
  138  10:08  Nexus  
  138  10:09  Pylon  
  139  10:15  Zealot  
  126  10:27  Immortal  
  126  10:30  Zealot x6  
  136  10:37  Immortal  
  136  10:39  Archon  
  136  10:42  Pylon  
  140  10:44  Pylon x2  
  140  10:56  Zealot x3  
  140  11:01  Nexus  
  140  11:02  High Templar x2  
  140  11:03  High Templar x3  
  150  11:08  Observer  
  145  11:17  Observer  
  141  11:19  Zealot  
  141  11:20  Zealot x2  
Show
View Real Time Build Order
Export as new Build Order

Namshar Zerg - Winner!

Build Orders: Hatch First, Lurkers, Roach Hydra 

Get SALT Encoding   

  12  0:00  Drone  
  13  0:12  Overlord  
  13  0:16  Drone  
  14  0:30  Drone  
  14  0:31  Drone  
  16  0:47  Hatchery  
  15  0:50  Drone  
  15  0:54  Drone  
  17  0:57  Drone  
  18  1:07  Extractor  
  17  1:12  Spawning Pool  
  17  1:15  Drone  
  18  1:18  Drone  
  18  1:28  Drone  
  19  1:39  Drone  
  20  1:51  Overlord  
  20  1:58  Queen  
  20  1:59  Zergling x2, Queen  
  20  2:00  Zergling x2  
  26  2:10  Drone  
  26  2:11  Drone  
  28  2:20  Drone  
  28  2:22  Drone  
  30  2:27  Hatchery  
  29  2:31  Drone  
  29  2:34  Pneumatized Carapace  
  30  2:43  Zergling x2  
  30  2:44  Overlord, Drone  
  31  2:50  Queen  
  34  2:56  Drone  
  34  2:57  Drone  
  36  3:07  Drone x5  
  36  3:12  Drone  
  42  3:13  Overlord  
  42  3:19  Metabolic Boost  
  42  3:23  Drone x2  
  44  3:29  Spore Crawler, Drone  
  44  3:32  Queen  
  46  3:35  Drone  
  46  3:40  Drone  
  48  3:42  Drone  
  48  3:46  Drone x4  
  53  3:51  Spore Crawler  
  53  3:52  Spore Crawler  
  51  3:57  Drone x4  
  51  4:00  Drone  
  56  4:05  Overlord x2  
  56  4:08  Drone  
  56  4:09  Drone  
  58  4:17  Overlord  
  58  4:25  Drone x4  
  58  4:26  Extractor  
  58  4:28  Extractor  
  58  4:30  Drone x4  
  64  4:32  Lair  
  64  4:35  Roach Warren  
  64  4:37  Spore Crawler  
  62  4:38  Drone  
  62  4:39  Spore Crawler  
  62  4:42  Drone x3  
  65  4:47  Drone  
  65  4:48  Drone x3  
  68  4:54  Overlord, Drone  
  68  4:55  Drone x2  
  68  4:59  Evolution Chamber  
  70  5:01  Overlord x2  
  70  5:04  Extractor  
  69  5:09  Overlord  
  69  5:14  Drone x5  
  74  5:15  Extractor x2  
  74  5:18  Zergling x4  
  74  5:20  Overlord  
  74  5:28  Drone x8  
  81  5:31  Drone x2  
  76  5:39  Drone  
  75  5:45  Drone x4  
  79  5:52  Hatchery  
  79  5:55  Overlord  
  79  5:56  Roach  
  80  5:57  Roach  
  80  6:02  Glial Reconstitution  
  81  6:07  Overlord  
  81  6:08  Roach x2  
  85  6:13  Roach x2  
  85  6:15  Roach x3  
  95  6:21  Ravager x2  
  97  6:26  Drone  
  97  6:28  Zerg Missile Weapons Level 1  
  97  6:31  Hydralisk Den  
  97  6:32  Queen  
  97  6:34  Ravager x4  
  97  6:36  Overlord  
  97  6:38  Drone  
  97  6:39  Roach  
  114  6:40  Roach x4  
  114  6:45  Overlord, Ravager x2  
  114  6:46  Zergling x6  
  119  6:53  Zergling x4  
  121  6:56  Overlord  
  121  7:00  Overseer  
  121  7:02  Grooved Spines  
  121  7:05  Zergling x16  
  128  7:12  Zergling x4  
  128  7:15  Zergling x2  
  116  7:22  Zergling x14, Roach  
  115  7:27  Roach x3  
  107  7:40  Drone x4  
  108  7:45  Queen  
  108  7:47  Drone x5  
  108  7:48  Drone x3  
  108  7:50  Drone  
  108  7:51  Drone  
  113  8:05  Unknown  
  112  8:06  Overlord  
  112  8:07  Hydralisk x3  
  118  8:13  Muscular Augments, Hydralisk  
  118  8:14  Hydralisk x6  
  118  8:18  Hatchery  
  131  8:22  Overlord  
  131  8:28  Hydralisk x6  
  143  8:35  Overlord x2  
  143  8:41  Hydralisk  
  143  8:42  Hydralisk x5  
  143  8:46  Overlord  
  143  8:47  Overlord  
  155  8:56  Overlord x2  
  155  8:58  Hydralisk x5  
  164  9:09  Hydralisk x5  
  164  9:13  Spore Crawler  
  164  9:14  Zerg Missile Weapons Level 2  
  164  9:15  Lurker Den  
  164  9:16  Drone  
  173  9:26  Hydralisk x5  
  183  9:35  Overseer  
  183  9:37  Hydralisk x5  
  192  9:54  Hydralisk x3  
  198  10:02  Zergling x2  
  198  10:05  Infestation Pit  
  199  10:07  Drone  
  199  10:10  Overseer x2  
  199  10:11  Spine Crawler  
  199  10:12  Spine Crawler  
  197  10:17  Overseer x2  
  197  10:19  Zergling x2, Hydralisk  
  197  10:20  Zergling x22  
  197  10:24  Hydralisk  
  197  10:25  Zergling x16  
  195  10:31  Zergling x12  
  195  10:33  Hydralisk  
  195  10:34  Zergling x10  
  193  10:43  Lurker  
  193  10:44  Lurker x4  
  193  10:45  Lurker  
  198  10:51  Unknown  
  185  10:59  Lurker x4  
  185  11:00  Hydralisk x2  
  185  11:02  Overseer x2  
  189  11:05  Spire  
  179  11:11  Hydralisk  
  179  11:12  Hydralisk x7  
  188  11:28  Zergling x20  
  193  11:38  Lurker x2  
Tags
 
Add a new tag
Caveats
  • Supply blocks, unpowered buildings, or Contaminate may cause inaccurate times.
  • Supply counts are checked every 10 seconds.